 Dungeon Crawl Stone Soup version 0.31-a0-806-g0bc164a743 (webtiles) character file.

Game seed: 7325335036296395979

51 javelincjr the Ruffian (level 4, -1/33 HPs)
             Began as a Human Shapeshifter on Sept 20, 2023.
             Succumbed to a goblin's poison
             ... on level 2 of the Dungeon.
             The game lasted 00:03:23 (1239 turns).

javelincjr the Ruffian (Human Shapeshifter)         Turns: 1239, Time: 00:03:24

Health: -1/33      AC:  8    Str: 17    XL:     4   Next: 7%
Magic:  4/4        EV:  8    Int: 16    God:
Gold:   83         SH:  0    Dex: 12    Spells: 3/3 levels left

rFire   + .          .
                       - Unarmed
rCold   . . .        (no shield)
rNeg    . . .        o - +0 chain mail
rPois   .            (helmet currently unavailable)
rElec   .            (cloak currently unavailable)
rCorr   .            (gloves currently unavailable)
SInv    .            (boots currently unavailable)
Will    .....        (no amulet) Stlth
                     k - ring of protection from fire
HPRegen 0.25/turn    l - +6 ring of intelligence
MPRegen 0.09/turn

%: no passive effects
@: lethally poisoned (-1 -> -21), beast-form
A: beast (slay +1)
a: Begin Untransformation


You were on level 2 of the Dungeon.
You were a hulking beast.
You visited 1 branch of the dungeon, and saw 2 of its levels.

You collected 83 gold pieces.

Inventory:

Armour
 a - a +0 animal skin
 o - a +0 chain mail (worn)
Jewellery
 k - a ring of protection from fire (left hand)
 l - a +6 ring of intelligence (right hand)
Talismans
 c - a beast talisman (active)
 d - a flux talisman
 j - a serpent talisman
Scrolls
 f - a scroll of enchant weapon {unknown}
 g - a scroll of torment {unknown}
 m - a scroll of fog {unknown}
 q - a scroll of identify {unknown}
Potions
 b - a potion of lignification
 e - a potion of curing {unknown}
 h - a potion of cancellation
 i - 2 potions of might {unknown}
 n - a potion of mutation {unknown}
 p - a potion of resistance {unknown}


   Skills:
 + Level 1.9 Fighting
 + Level 2.6 Dodging
 + Level 3.4 Unarmed Combat
 + Level 3.3 Shapeshifting


You had 3 spell levels left.
You didn't know any spells.
Your spell library was empty.

Dungeon Overview and Level Annotations

Branches:
Dungeon (2/15)

Altars:

Shops:
D:2 ?


Message History

You closely miss the goblin. The goblin hits you but does no damage.
You hit the goblin.
The goblin is moderately wounded.
The goblin hits you but does no damage. Robin hits you with a +0 whip.
The goblin hits you but does no damage.
You hit the goblin but do no damage.
The goblin is moderately wounded.
The goblin hits you but does no damage.
You are poisoned.
Robin says, "Bow before me, strongest of all the hobgoblins!"
Robin hits you but does no damage. The goblin hits you with a +0 club.
You hit the goblin.
You kill the goblin!
You feel very sick. The goblin hits you but does no damage.
Robin throws the goblin at you!
You hit Robin.
Robin is heavily wounded.
You feel sick. The goblin hits you but does no damage.
You are lethally poisoned!
The goblin barely misses you.
You barely miss the goblin.
You feel very sick.
You punch Robin!
You kill Robin!
You feel sick.
The goblin hits you with a +1 dagger of venom.
* * * LOW HITPOINT WARNING * * *
You are more poisoned.
The goblin hits you but does no damage.
You have reached level 4!
You feel stronger.
You hit the goblin.
The goblin is moderately wounded.
* * * LOW HITPOINT WARNING * * *
You feel very sick.
The goblin hits you with a +1 dagger of venom.
* * * LOW HITPOINT WARNING * * *
You are more poisoned.
It was a potion of cancellation.
You feel magically purged.
You die...

### #..# #.#
#.#.# #..# #.#
#.#.# ##..# #.#
#.#.#
#...#####.###.#.#
#.#...........#.#
#.#######.#####
#.# #.# #.####
#.# #.ghg# #.#
####g# ### g..
.### .# .. .. ..


You could see 4 goblins.

Vanquished Creatures
  Robin (D:2)
  A worm (D:2)
  2 dart slugs (D:1)
  4 bats
  2 giant cockroaches (D:1)
  7 goblins
  2 hobgoblins (D:1)
  4 jackals
  5 ball pythons (D:1)
  2 frilled lizards (D:1)
  A kobold (D:2)
  A rat (D:2)
32 creatures vanquished.

Notes
Turn   | Place    | Note
-------+----------+-------------------------------------------
     0 | D:1      | javelincjr the Human Shapeshifter began the quest for the
                  | Orb.
     0 | D:1      | Reached XP level 1. HP: 15/15 MP: 1/1
    89 | D:1      | Reached XP level 2. HP: 21/21 MP: 2/2
   578 | D:1      | Reached XP level 3. HP: 26/26 MP: 3/3
  1086 | D:2      | Found Wumitela's Magic Scroll Emporium.
  1223 | D:2      | Noticed Robin
  1237 | D:2      | Killed Robin
  1238 | D:2      | Reached XP level 4. HP: 9/33 MP: 4/4
  1239 | D:2      | Succumbed to a goblin's poison

Illustrated notes

Levels and vault maps discovered:
D:1:      tekkud_arrival_beachfront_property, layout_basic,
          hangedman_abyss_or_decor_lesser_grid
D:2:      layout_loops_ring, serial_shops, nicolae_shop_tiny_real_fake_doors,
          minmay_goblin_outpost, uniq_robin

Action                     |  1- 3 |  4- 6 || total
---------------------------+-------+-------++-------
  Melee: Unarmed           |    70 |     1 ||    71
         Long sword        |    13 |       ||    13
         Punch             |     1 |       ||     1
    Use: Potion            |       |     1 ||     1
   Stab: Sleeping          |     3 |       ||     3
 Armour: Animal skin       |    19 |       ||    19
         Chain mail        |    22 |     1 ||    23
  Dodge: Dodged            |    43 |       ||    43

Table legend: (Time is in decaauts)
 A = Elapsed time spent in this place.
 B = Non-inter-level travel time spent in this place.
 C = Inter-level travel time spent in this place.
 D = Time resting spent in this place.
 E = Time spent auto-exploring this place.
 F = Levels seen in this place.
 G = Mean time per level.
                   A        B        C        D        E       F      G
               +--------+--------+--------+--------+--------+-----+--------+
         Total |   1238 |   1204 |     34 |      0 |    991 |   2 |  619.0 |
       Dungeon |   1238 |   1204 |     34 |      0 |    991 |   2 |  619.0 |
               +--------+--------+--------+--------+--------+-----+--------+

Top non-repeatable levels by time:
     D:1: 879 daAuts
     D:2: 359 daAuts
